AoeStats
← akbolso

Hideout

510216116Analyzed
1v1 RM · 14h ago on Sep 30, 2026· 53m 28s· 2 players
Game mode
Random Map
Map size
Tiny (2 player)
Population
200
Speed
Normal
Resources
Standard
Victory
Conquest
Starting age
Dark Age
Ending age
Imperial Age
RankedLock teamsTeams togetherTeam positionsShared explorationLock speedFull tech treeHidden civsTurbo modeCheats
Victory
Defeat
🇺🇾 Sicilians · Uruguay
1015
+16
🇺🇸 Spanish · United States
1007
-16
watchout2k5
8:39 Loom
10:28 Feudal Age
18:42 Castle Age
18:02 Padded Archer Armor
17:53 Fletching
20:47 Thumb Ring
36:55 Leather Archer Armor
42:27 Sanctity
42:17 Fervor
42:28 Horse Collar
43:39 Bodkin Arrow
44:17 Heavy Plow
44:20 Double-Bit Axe
50:14 Wheelbarrow
49:24 Town Watch
akbolso
10:00 Feudal Age
11:11 Double-Bit Axe
11:48 Horse Collar
16:57 Fletching
17:08 Scale Mail Armor
24:17 Forging
29:02 Castle Age
26:49 Loom
30:12 Chain Mail Armor
30:11 Stone Mining
31:44 Arson
32:00 Squires
33:25 Iron Casting
34:00 Bodkin Arrow
37:20 Ballistics
43:22 Imperial Age
41:29 Wheelbarrow
45:25 Chemistry
48:04 Elite Serjeant
50:40 Plate Mail Armor
53:06 Blast Furnace
Connection lost

Rejoining the realm…

Still unreachable

The connection could not be restored.

Session expired

The server has moved on; the page needs a fresh start.